 Dungeon Crawl Stone Soup version 0.30-a0-458-g86641cc369 (webtiles) character file.

Game seed: 1973703147255899613

103 LeprechaunX the Insei (level 4, -3/31 HPs)
             Began as an Octopode Monk on Dec 14, 2022.
             Slain by a lemure (6 damage)
             ... led by Pikel
             ... on level 4 of the Dungeon.
             The game lasted 00:06:21 (2321 turns).

LeprechaunX the Insei (Octopode Monk)               Turns: 2321, Time: 00:06:21

Health: -3/31      AC:  1    Str: 12    XL:     4   Next: 79%
Magic:  5/5        EV: 14    Int: 12    God:
Gold:   134        SH:  0    Dex: 14    Spells: 5/5 levels left

rFire   . . .      SeeInvis .      - Unarmed
rCold   . . .      Faith    .    (no shield)
rNeg    . . .      Spirit   .    (helmet restricted)
rPois   .          Reflect  .    (no amulet)
rElec   .          Harm     .    (no ring)
rCorr   .          Rampage  .    (no ring)
Will    .....                    (no ring)
Stlth   +++.......               (no ring)
HPRegen 0.25/turn                (no ring)
MPRegen 0.09/turn                (no ring)
                                 (no ring)
                                 (no ring)

@: no status effects
A: almost no armour, amphibious, 8 rings, camouflage 1, gelatinous body 1,
(nimble swimmer 1), tentacles
a: no special abilities


You were on level 4 of the Dungeon.
You visited 1 branch of the dungeon, and saw 4 of its levels.

You collected 134 gold pieces.

Inventory:

Missiles
 q - 6 atropa-tipped darts (quivered)
Scrolls
 b - a scroll of enchant weapon {unknown}
 c - a scroll of noise {unknown}
 f - a scroll of fear {unknown}
 g - a scroll of magic mapping {unknown}
 h - a scroll of enchant armour {unknown}
 j - 4 scrolls of identify {unknown}
 k - a scroll of teleportation {unknown}
 l - a scroll of amnesia {unknown}
 m - a scroll of butterflies {unknown}
 n - a scroll of poison {unknown}
 p - a scroll of blinking {unknown}
Potions
 a - 2 potions of ambrosia
 d - a potion of curing {unknown}
 e - 3 potions of heal wounds {unknown}
 i - a potion of brilliance {unknown}
 o - a potion of magic {unknown}


   Skills:
 + Level 3.4 Fighting
 * Level 3.4 Dodging
 + Level 3.7 Stealth
 * Level 4.0 Unarmed Combat
 + Level 1.0 Spellcasting


You had 5 spell levels left.
You didn't know any spells.
Your spell library contained the following spells:

 Spells                   Type           Power      Damage    Failure   Level
 Freeze                   Ice            0%         1d3       30%         1
 Kiss of Death            Conj/Necr      0%         2d5       30%         1
 Confusing Touch          Hex            0%         N/A       65%         3
 Frozen Ramparts          Ice            0%         1d1       65%         3
 Gell's Gravitas          Tloc           0%         N/A       65%         3
 Hailstorm                Conj/Ice       0%         3d3       65%         3
 Ignite Poison            Fire/Tmut/Pois 0%         N/A       65%         3
 Kindle Blastsparks       Fire/Tloc/Air  0%         2d10      65%         3
 Lesser Beckoning         Tloc           0%         N/A       65%         3
 Teleport Other           Tloc           0%         N/A       65%         3
 Dispel Undead            Necr           0%         3d6       96%         4
 Freezing Cloud           Conj/Ice/Air   0%         6-21      100%        5


Dungeon Overview and Level Annotations

Branches:
Dungeon (4/15)
 Temple: D:4-7

Altars:

Shops:
D:2 ::*   D:3 [

Annotations:
D:4 Pikel


Innate Abilities, Weirdness & Mutations

You cannot wear most types of armour.
You are amphibious.
You can wear up to eight rings at the same time.
Your skin changes colour to match your surroundings (Stealth+).
Your rubbery body absorbs attacks. (AC +1, EV +1)
((You are camouflaged when in or above water. (Stealth+)))
You have tentacles for arms and can constrict up to eight enemies at once.


Message History

You constrict the lemure. The lemure hits you!
You are too injured to fight recklessly!
You are too injured to fight recklessly!
You are too injured to fight recklessly!
You are too injured to fight recklessly!
You are too injured to fight recklessly!
You are too injured to fight recklessly!
You are too injured to fight recklessly!
You are too injured to fight recklessly!
You are too injured to fight recklessly!
You are too injured to fight recklessly!
You are too injured to fight recklessly!
You are too injured to fight recklessly!
You are too injured to fight recklessly!
You are too injured to fight recklessly!
You are too injured to fight recklessly!
You are too injured to fight recklessly!
You are too injured to fight recklessly!
You are too injured to fight recklessly!
You are too injured to fight recklessly!
Unknown command.
You release your grip on the lemure.
The lemure attacks as you move away! The lemure closely misses you.
Pikel attacks as you move away! Pikel barely misses you.
Pikel closely misses you. The lemure attacks as you move away!
The lemure hits you but does no damage. The lemure misses you.
The lemure attacks as you move away! The lemure misses you.
The lemure attacks as you move away! The lemure hits you.
The lemure attacks as you move away! The lemure hits you!
* * * LOW HITPOINT WARNING * * *
The lemure attacks as you move away! The lemure hits you.
* * * LOW HITPOINT WARNING * * *
The lemure attacks as you move away! The lemure barely misses you.
The lemure attacks as you move away! The lemure barely misses you.
The lemure attacks as you move away! The lemure hits you.
* * * LOW HITPOINT WARNING * * *
There is a stone staircase leading up here.
The lemure hits you.
You die...

...............#
...............#
...............#
............5..#
............5.#
..........K5..#
..............#
...........5..#
..........@..#
............#
...........#
...........#
...........#
..........#
..........#
..(.......#


You could see Pikel and 4 lemures.

Vanquished Creatures
  5 adders
  An orc (D:3)
  3 endoplasms
  3 giant cockroaches
  4 goblins
  5 hobgoblins
  4 kobolds
  5 quokkas
  8 ball pythons
  7 bats
  2 frilled lizards
  7 rats
54 creatures vanquished.

Notes
Turn   | Place    | Note
-------+----------+-------------------------------------------
     0 | D:1      | LeprechaunX the Octopode Monk began the quest for the Orb.
     0 | D:1      | Reached XP level 1. HP: 16/16 MP: 1/1
   149 | D:1      | Reached XP level 2. HP: 20/21 MP: 2/2
   744 | D:1      | Reached XP level 3. HP: 26/26 MP: 3/3
  1008 | D:2      | Reached XP level 4. HP: 21/31 MP: 5/5
  1104 | D:2      | Found Renisual's Assorted Antiques.
  1230 | D:2      | Found a faded altar of an unknown god.
  1312 | D:2      | Found Fazxang's Book Boutique.
  1345 | D:2      | Found Ive Xiynn's Book Shoppe.
  1405 | D:2      | Reached skill level 1 in Spellcasting
  1697 | D:3      | Found Peuraif's Armour Emporium.
  1812 | D:3      | Reached skill level 4 in Unarmed Combat
  2287 | D:4      | Noticed a lemure
  2290 | D:4      | Noticed Pikel
  2290 | D:4      | Noticed a lemure
  2290 | D:4      | Noticed a lemure
  2291 | D:4      | Noticed a lemure
  2321 | D:4      | Slain by a lemure

Illustrated notes

Levels and vault maps discovered:
D:1:      dpeg_arrival_boxorama, layout_loops_ring, minmay_misc_feat_rugged
D:2:      layout_loops_ring, serial_shops, nicolae_shop_statue_plus,
          nicolae_shop_statue_plus, nicolae_diamond_shop,
          ebering_ecumenical_altar_box, minmay_stone_trees_medium,
          chequers_mini_garden
D:3:      layout_loops_cross, serial_shops, shop,
          chequers_serial_rivers_micro_b, grunt_ministairs_1
D:4:      layout_gridville, dk_noncrumbling_4, uniq_pikel, uniq_eustachio

Skill      XL: |  1  2  3  4 |
---------------+-------------+-----
Stealth        | 3 |  3.7
Spellcasting   | 1 |  1.0
Unarmed Combat | 4 |  4.0
Fighting       | |  3.4
Dodging        | |  3.4

Action                   |  1- 3 |  4- 6 || total
-------------------------+-------+-------++-------
Melee: Unarmed           |    76 |    40 ||   116
       Tentacles         |    12 |     3 ||    15
       Constrict         |    18 |    12 ||    30
       Punch             |     2 |     2 ||     4
 Stab: Sleeping          |    13 |    10 ||    23
Armor: Skin              |     7 |     2 ||     9
Dodge: Dodged            |    48 |    29 ||    77

Table legend: (Time is in decaauts)
 A = Elapsed time spent in this place.
 B = Non-inter-level travel time spent in this place.
 C = Inter-level travel time spent in this place.
 D = Time resting spent in this place.
 E = Time spent auto-exploring this place.
 F = Levels seen in this place.
 G = Mean time per level.
                   A        B        C        D        E       F      G
               +--------+--------+--------+--------+--------+-----+--------+
         Total |   2312 |   2237 |     75 |      0 |   1768 |   4 |  578.0 |
       Dungeon |   2312 |   2237 |     75 |      0 |   1768 |   4 |  578.0 |
               +--------+--------+--------+--------+--------+-----+--------+

Top non-repeatable levels by time:
     D:2: 873 daAuts
     D:1: 780 daAuts
     D:3: 599 daAuts
     D:4: 58 daAuts
